 Dungeon Crawl Stone Soup version 0.25-a0-253-g6f1b5d974a (webtiles) character file.

Game seed: 16655478297821431193, levelgen mode: classic

233 Borgoz the Slasher (level 5, -9/46 HPs)
             Began as a Minotaur Gladiator on Dec 5, 2019.
             Mangled by an ogre
             ... wielding a cursed -1 giant spiked club
              (14 damage)
             ... on level 4 of the Dungeon.
             The game lasted 00:04:02 (3611 turns).

Borgoz the Slasher (Minotaur Gladiator)             Turns: 3611, Time: 00:04:03

Health: -9/46      AC:  3    Str: 18    XL:     5   Next: 74%
Magic:  13/13      EV: 13    Int:  5    God:
Gold:   344        SH:  0    Dex: 13    Spells: 4/4 levels left

rFire    . . .     SeeInvis .   a - +0 long sword
rCold    . . .     Gourm    .   (no shield)
rNeg     . . .     Faith    .   b - +0 leather armour
rPois    .         Spirit   .   c - +0 hat
rElec    .         Reflect  .   (no cloak)
rCorr    .         Harm     .   (no gloves)
MR       .....                  (no boots)
Stlth    +.........             (no amulet)
HPRegen  0.15/turn              j - ring of magical power
MPRegen  0.13/turn              (no ring)

@: no status effects
A: retaliatory headbutt, horns 2
a: no special abilities


You were on level 4 of the Dungeon.
You were not hungry.

You visited 1 branch of the dungeon, and saw 4 of its levels.

You collected 344 gold pieces.

Inventory:

Hand Weapons
 a - a +0 long sword (weapon)
Armour
 b - a +0 leather armour (worn)
 c - a +0 hat (worn)
Jewellery
 j - a ring of magical power (left hand)
Scrolls
 e - 3 scrolls of remove curse {unknown}
 k - a scroll of identify {unknown}
 l - 3 scrolls of teleportation {unknown}
 m - a scroll of enchant weapon {unknown}
 n - a scroll of noise {unknown}
 q - a scroll of immolation {unknown}
Potions
 g - a potion of flight {unknown}
 h - a potion of haste {unknown}
 i - a potion of degeneration {unknown}
 o - a potion of ambrosia {unknown}
 r - 2 potions of heal wounds {unknown}
 s - a potion of curing {unknown}
Comestibles
 f - 11 rations
 p - 2 chunks of flesh


   Skills:
 + Level 3.9 Fighting
 * Level 5.7 Long Blades
 - Level 2.0 Throwing
 + Level 2.7 Armour
 + Level 4.3 Dodging


You had 4 spell levels left.
You didn't know any spells.
Your spell library was empty.

Dungeon Overview and Level Annotations

Branches:
Dungeon (4/15)
 Temple: D:4-7

Altars:
Fedhas
Sif Muna
Trog


Innate Abilities, Weirdness & Mutations

You reflexively headbutt those who attack you in melee.
You have a pair of horns on your head.


Message History

Okay, then.
Okay, then.
You closely miss the ogre.
The ogre hits you with a cursed -1 giant spiked club!!
Ouch! That really hurt!
* * * LOW HITPOINT WARNING * * *
You hit the ogre.
The ogre is lightly wounded.
You hit the ogre but do no damage.
The ogre is lightly wounded.
The ogre misses you.
You riposte.
You barely miss the ogre.
The ogre is lightly wounded.
You hit the ogre.
The ogre is lightly wounded.
The ogre misses you.
You riposte.
You hit the ogre.
The ogre is moderately wounded.
You hit the ogre but do no damage.
The ogre is moderately wounded.
The ogre hits you with a cursed -1 giant spiked club!
You die...

# .# .#
...#######.#...
...............
...####........
#.#####.# #.#
#@# #O#
#.#####.#
#(......#
#####.#.#


You could see an ogre.

Vanquished Creatures
  A gnoll sergeant (D:3)
  A worker ant (D:3)
  3 gnolls (D:3)
  2 adders
  3 worms
  A dart slug (D:1)
  2 leopard geckos (D:1)
  8 orcs (D:3)
  2 giant cockroaches (D:1)
  7 goblins
  6 hobgoblins
  3 jackals (D:1)
  12 kobolds
  2 quokkas (D:3)
  2 ball pythons
  9 bats
  9 frilled lizards
  17 rats
90 creatures vanquished.

Notes
Turn   | Place    | Note
-------+----------+-------------------------------------------
     0 | D:1      | Borgoz the Minotaur Gladiator began the quest for the Orb.
     0 | D:1      | Reached XP level 1. HP: 18/18 MP: 0/0
    91 | D:1      | Reached XP level 2. HP: 16/25 MP: 1/1
    93 | D:1      | Reached skill level 4 in Long Blades
   341 | D:1      | Reached skill level 1 in Armour
   628 | D:1      | Reached XP level 3. HP: 29/30 MP: 2/2
  1048 | D:2      | Found a faded altar of an unknown god.
  1240 | D:2      | Noticed a moth of wrath
  1243 | D:2      | Found a bloodstained altar of Trog.
  2091 | D:3      | Reached XP level 4. HP: 32/38 MP: 3/3
  2340 | D:4      | Noticed an ogre
  2480 | D:3      | Reached skill level 5 in Long Blades
  2996 | D:3      | Reached XP level 5. HP: 45/45 MP: 4/4
  3520 | D:3      | Found a blossoming altar of Fedhas.
  3520 | D:3      | Found a shimmering blue altar of Sif Muna.
  3611 | D:4      | Mangled by an ogre

Levels and vault maps discovered:
D:1:      wander_arrival_fairy_ring, layout_basic, minmay_crystal_room,
          minmay_quantized
D:2:      layout_loops_corners, tgw_trog, chequers_ecumenical_altar_simple,
          first_ration
D:3:      minmay_bubble_buster, layout_loops_ring,
          gammafunk_temple_overflow_statue
D:4:      layout_loops_corners, serial_shops, shop

Skill      XL: |  1  2  3  4 |
---------------+-------------+-----
Long Blades    | 4 5 |  5.7
Armour         | 1 2 |  2.7
Fighting       | 3 |  3.9
Dodging        | 4 |  4.3
Throwing       | |  2.0

Action                   |  1- 3 |  4- 6 || total
-------------------------+-------+-------++-------
Melee: Long sword        |    77 |    68 ||   145
       Headbutt          |    11 |    16 ||    27
Throw: Throwing net      |       |     5 ||     5
 Stab: Held in net/web   |       |     1 ||     1
  Eat: Chunk             |     4 |     5 ||     9
Armor: Leather armour    |    21 |     9 ||    30
Dodge: Dodged            |    83 |    57 ||   140
       Rpst.: Long sword |    19 |    18 ||    37

Table legend:
 A = Non-vault XP
 B = Vault XP
 C = Vault XP percentage of total XP
 D = Non-vault monster count
 E = Vault monster count
 F = Vault count percentage of total count
                 A         B        C        D         E       F
            +---------+---------+-------+---------+---------+-------
      Total |     172 |     161 |  48.3 |      66 |      24 |  26.7
            +---------+---------+-------+---------+---------+-------
        D:1 |      50 |       5 |   9.1 |      29 |       4 |  12.1
        D:2 |      30 |       5 |  14.3 |      11 |       5 |  31.2
        D:3 |      92 |     151 |  62.1 |      26 |      15 |  36.6
            +---------+---------+-------+---------+---------+-------
